 Dungeon Crawl Stone Soup version 0.24.1-4-ge52af88ad5 (webtiles) character file.

Game seed: 15295849402368539456, levelgen mode: deterministic

9382 Destapler the Blocker (level 11, 0/92 HPs)
             Began as a Minotaur Fighter on Apr 14, 2020.
             Slain by a tentacled starspawn (23 damage)
             ... on level 1 of the Abyss.
             The game lasted 00:20:54 (7730 turns).

Destapler the Blocker (Minotaur Fighter)            Turns: 7730, Time: 00:20:55

Health: 0/92       AC: 13    Str: 24    XL:     11   Next: 22%
Magic:  10/10      EV:  9    Int:  5    God:
Gold:   268        SH: 14    Dex: 12    Spells: 10/10 levels left

rFire    + . .     SeeInvis .   a - +3 hand axe (chop)
rCold    . . .     Gourm    .   c - +0 shield
rNeg     . . .     Faith    .   l - +2 scale mail {rF+}
rPois    .         Spirit   .   e - +0 hat
rElec    .         Reflect  .   E - +0 cloak
rCorr    .         Harm     .   z - +0 pair of gloves
MR       .....                  r - +0 pair of boots
Stlth    ..........             (no amulet)
HPRegen  0.25/turn              n - ring of attention (curse)
MPRegen  0.12/turn              L - +2 ring of dexterity

@: no status effects
A: retaliatory headbutt, horns 2
a: no special abilities


You were on level 1 of the Abyss.
You were not hungry.

You visited 2 branches of the dungeon, and saw 10 of its levels.
You visited the Abyss 1 time.

You collected 268 gold pieces.

Inventory:

Hand Weapons
 a - a +3 hand axe of chopping (weapon)
Missiles
 m - 40 poisoned darts (quivered)
 o - 3 datura-tipped darts
 w - 8 atropa-tipped darts
 B - 2 boomerangs
 O - 5 throwing nets
Armour
 b - a +0 scale mail
 c - a +0 shield (worn)
 e - a +0 hat (worn)
 l - a +2 scale mail of fire resistance (worn)
 r - a +0 pair of boots (worn)
 z - a +0 pair of gloves (worn)
 E - a +0 cloak (worn)
Jewellery
 n - a cursed ring of attention (left hand)
 x - an uncursed ring of resist corrosion
 A - an uncursed ring of fire
 L - a +2 ring of dexterity (right hand)
Wands
 y - a wand of enslavement (3)
 D - a wand of flame (7)
 G - a wand of random effects (24)
 H - a wand of disintegration (14)
 M - a wand of scattershot (3)
Scrolls
 g - a scroll of fear
 j - 3 scrolls of amnesia
 p - 4 scrolls of identify
 t - 3 scrolls of teleportation
 C - 2 scrolls of magic mapping
 I - a scroll of immolation {unknown}
 J - a scroll of vulnerability {unknown}
 K - 2 scrolls of fog
Potions
 d - 2 potions of magic {unknown}
 h - a potion of berserk rage {unknown}
 i - a potion of agility {unknown}
 k - 2 potions of heal wounds
 q - 2 potions of mutation {unknown}
 s - a potion of lignification {unknown}
 u - 2 potions of curing
 v - 3 potions of cancellation {unknown}
 F - a potion of degeneration {unknown}
 N - a potion of flight {unknown}
Comestibles
 f - 18 rations
 P - a chunk of flesh


   Skills:
 - Level 7.0 Fighting
 - Level 12.0 Axes
 - Level 7.1 Armour
 + Level 14.7 Shields


You had 10 spell levels left.
You didn't know any spells.
Your spell library contained the following spells:

 Spells                   Type           Power        Failure   Level  Hunger
 Corona                   Hex            #......      77%         1    ##.....
 Ensorcelled Hibernation  Hex/Ice        #.....       88%         2    ###....
 Confuse                  Hex            #.......     98%         3    ####...
 Dazzling Spray           Conj/Hex       #.....       98%         3    ####...
 Tukima's Dance           Hex            #.......     98%         3    ####...


Dungeon Overview and Level Annotations

Branches:
Dungeon (9/15)             Temple (1/1) D:5
   Lair: D:8-11         Orc: D:9-12

Altars:
Ashenzari
Cheibriados
Dithmenos
Elyvilon
Fedhas
Gozag
Hepliaklqana
Kikubaaqudgha
Nemelex Xobeh
Okawaru
Qazlal
Ru
Sif Muna
Trog
Uskayaw
Vehumet
Wu Jian
Xom
Yredelemnul
Zin
The Shining One

Shops:
D:7 =

Annotations:
D:9 Erolcha


Innate Abilities, Weirdness & Mutations

You reflexively headbutt those who attack you in melee.
You have a pair of horns on your head.


Message History

The tentacled starspawn is too close now for your liking.
You block the tentacled starspawn's attack.
The tentacled starspawn engulfs you but does no damage.
You barely miss the tentacled starspawn.
You headbutt the tentacled starspawn!
The tentacled starspawn is lightly damaged.
You hit the tentacled starspawn.
The tentacled starspawn is lightly damaged.
You block the tentacled starspawn's attack.
The tentacled starspawn barely misses you.
You slash the tentacled starspawn!
The tentacled starspawn is moderately damaged.
A tentacle flies out from the starspawn's body!
A starspawn tentacle comes into view.
You hit the tentacled starspawn.
The tentacled starspawn is heavily damaged.
You slash the tentacled starspawn! You headbutt the tentacled starspawn!
The tentacled starspawn is severely damaged.
The tentacled starspawn bites you!!
You die...

.. ###.
.X ...#.#
....# ...
##Λ##
#.#X# # #
#@#.#
#......§#
##..##..#
#...#..#
.. #...
####.
####... .
#
#..#.#..#
. #
#.####..
# #. .
... .#.#


You could see a tentacled starspawn.

Vanquished Creatures
  Gastronok (D:8)
  Harold (D:8)
  2 two-headed ogres (D:8)
  A large abomination (Abyss:1)
  Pikel (D:6)
  Joseph (D:7)
  Grinder (D:6)
  Grum (D:8)
  Edmund (D:6)
  Duvessa (D:6)
  3 ice beasts
  A sky beast (D:6)
  4 slaves (D:6)
  A hornet zombie (D:8)
  2 phantoms
  2 necrophages (D:5)
  4 wolves
  6 centaurs
  4 ogres
  3 bullfrogs
  4 scorpions
  Dowan (D:6)
  12 wights (D:8)
  A howler monkey (D:4)
  7 crimson imps
  2 jellies (D:7)
  2 hounds
  2 orc priests (D:5)
  A gnoll shaman (D:5)
  2 orc wizards
  A bullfrog skeleton (D:4)
  An iguana (D:6)
  A killer bee zombie (D:8)
  3 worker ants
  A hound zombie (D:5)
  A hound skeleton (D:8)
  15 gnolls
  A worker ant zombie (D:5)
  12 adders
  2 shadow imps
  An ooze (D:1)
  An adder skeleton (D:8)
  3 worms
  3 dart slugs
  4 leopard geckos
  17 orcs
  4 giant cockroaches
  15 goblins
  16 hobgoblins
  6 jackals
  5 quokkas
  3 ball pythons
  10 bats
  7 frilled lizards
  A giant cockroach zombie (D:6)
  10 kobolds
  15 rats
234 creatures vanquished.

Notes
Turn   | Place    | Note
-------+----------+-------------------------------------------
     0 | D:1      | Destapler the Minotaur Fighter began the quest for the Orb.
     0 | D:1      | Reached XP level 1. HP: 19/19 MP: 0/0
   166 | D:1      | Reached XP level 2. HP: 27/27 MP: 1/1
   307 | D:1      | Reached skill level 4 in Shields
   347 | D:1      | Reached XP level 3. HP: 31/33 MP: 2/2
  1100 | D:2      | Reached XP level 4. HP: 40/40 MP: 3/3
  1931 | D:3      | Reached XP level 5. HP: 28/47 MP: 4/4
  2241 | D:4      | Reached skill level 5 in Shields
  2303 | D:4      | Reached skill level 5 in Fighting
  2303 | D:4      | Reached skill level 5 in Armour
  2409 | D:4      | Reached XP level 6. HP: 52/56 MP: 5/5
  3247 | D:5      | Entered Level 5 of the Dungeon
  3272 | D:5      | Reached skill level 5 in Axes
  3366 | D:5      | Reached XP level 7. HP: 59/61 MP: 6/6
  3393 | D:5      | Reached skill level 6 in Shields
  3573 | D:5      | Reached XP level 8. HP: 63/70 MP: 7/7
  3803 | D:5      | Reached skill level 7 in Shields
  4041 | D:5      | Found a staircase to the Ecumenical Temple.
  4050 | Temple   | Entered the Ecumenical Temple
  4390 | D:6      | Noticed Dowan
  4391 | D:6      | Noticed Duvessa
  4409 | D:6      | Reached skill level 8 in Shields
  4414 | D:6      | Killed Dowan
  4472 | D:6      | Noticed Pikel
  4503 | D:6      | Killed Pikel
  4503 | D:6      | Reached XP level 9. HP: 30/78 MP: 8/8
  4731 | D:6      | Reached skill level 9 in Shields
  5011 | D:6      | Noticed Grinder
  5014 | D:6      | Noticed Edmund
  5021 | D:6      | Killed Grinder
  5041 | D:6      | Killed Edmund
  5199 | D:6      | Killed Duvessa
  5453 | D:6      | Found a snail-covered altar of Cheibriados.
  5639 | D:7      | Found Rocif's Jewellery Boutique.
  5641 | D:7      | Reached skill level 10 in Shields
  5989 | D:7      | Reached skill level 10 in Axes
  6070 | D:7      | Noticed Joseph
  6082 | D:7      | Killed Joseph
  6282 | D:8      | Reached skill level 11 in Shields
  6301 | D:8      | Reached XP level 10. HP: 86/86 MP: 9/9
  6328 | D:8      | Noticed Gastronok
  6350 | D:8      | Killed Gastronok
  6350 | D:8      | Reached skill level 12 in Shields
  6382 | D:8      | Noticed Grum
  6394 | D:8      | Noticed a two-headed ogre
  6416 | D:8      | HP: 2/86 [centaur/arrow (10)]
  6426 | D:8      | HP: 2/86 [centaur/arrow (3)]
  6816 | D:8      | Noticed Harold
  7106 | D:8      | Noticed a two-headed ogre
  7116 | D:8      | Killed a two-headed ogre
  7116 | D:8      | Reached skill level 13 in Shields
  7505 | D:8      | Killed Harold
  7505 | D:8      | Reached skill level 14 in Shields
  7505 | D:8      | Reached XP level 11. HP: 66/92 MP: 10/10
  7562 | D:8      | Killed Grum
  7575 | D:8      | Killed a two-headed ogre
  7600 | D:8      | You fall into a shaft and drop 1 floor!
  7629 | D:9      | Noticed Erolcha
  7635 | D:9      | Cast into level 1 of the Abyss (Erolcha)
  7662 | Abyss:1  | Noticed a starcursed mass
  7693 | Abyss:1  | Noticed a large abomination
  7704 | Abyss:1  | Killed a large abomination
  7716 | Abyss:1  | Noticed a tentacled starspawn
  7730 | Abyss:1  | Slain by a tentacled starspawn

Levels and vault maps discovered:
D:1:      sevenhm_arrival_forest_fort_large_1, layout_basic, chequers_arboretum
D:2:      layout_rooms, kennysheep_generic_room_7
D:3:      layout_loops_cross, first_ration, serial_park_tiny_1,
          minmay_misc_feat_roman
D:4:      layout_loops_corners, lemuel_old_faithful
D:5:      layout_loops_cross, minmay_temple_entry_poolview
D:6:      corexii_shack_village, layout_basic, cheibrodos_worm_habitat,
          uniq_edmund, uniq_pikel, uniq_duvessa, uniq_grinder
D:7:      layout_cave_pods, serial_shops, shop, grunt_ogre_cave, uniq_joseph
D:8:      layout_cave_pools, lemuel_crystal_altar, uniq_harold, uniq_gastronok,
          uniq_grum
D:9:      layout_loops_cross, lair_entry_dummy, minmay_orc_entry_temple_small,
          minmay_misc_feat_x, uniq_erolcha
Temple:   minmay_crystal_snake_temple
Abyss:1:  base: D:3, evilmike_abyss_exit_mutagenic, lemuel_flamethrower_hall

Skill      XL: |  1  2  3  4  5  6  7  8  9 10 |
---------------+-------------------------------+-----
Fighting       | 4 5 6 7 |  7.0
Armour         | 4 5 6 7 |  7.1
Shields        | 4 5 6 8 11 14 | 14.7
Axes           | 3 4 5 6 8 10 12 | 12.0

Action                   |  1- 3 |  4- 6 |  7- 9 | 10-12 || total
-------------------------+-------+-------+-------+-------++-------
Melee: War axe           |   101 |   134 |       |       ||   235
       Headbutt          |     9 |    22 |    60 |    46 ||   137
       Hand axe          |       |    17 |   290 |   157 ||   464
  Use: Scroll            |     4 |     4 |     2 |     1 ||    11
       Potion            |     2 |     1 |     1 |     3 ||     7
 Stab: Distracted        |       |       |     1 |       ||     1
  Eat: Chunk             |     1 |     5 |     8 |     5 ||    19
       Ration            |       |     1 |       |       ||     1
Armor: Scale mail        |    61 |    63 |   100 |    34 ||   258
Dodge: Dodged            |    35 |    54 |    79 |    33 ||   201
Block: Shield            |    58 |    68 |   115 |   100 ||   341
